 Seeded DCSS version 0.30-a0-1043-g60ff8d5f49 (webtiles) character file.

Game seed: 7547814903460644772 (custom seed)

2190 DeathPants the Tainter (level 9, -1/82 HPs)
             Began as a Naga Venom Mage on Apr 10, 2023.
             Was an Initiate of Kikubaaqudgha.
             Slain by a troll (2 damage)
             ... on level 6 of the Dungeon.
             The game lasted 00:25:20 (6979 turns).

DeathPants the Tainter (Naga Venom Mage)            Turns: 6979, Time: 00:25:21

Health: -1/82      AC:  8    Str: 13    XL:     9   Next: 33%
Magic:  6/20       EV: 11    Int: 17    God:    Kikubaaqudgha [......]
Gold:   175        SH:  0    Dex: 12    Spells: 12/22 levels left

rFire   . . .      SeeInvis +    a - +4 dagger (venom)
rCold   . . .      Faith    .    (no shield)
rNeg    . . .      Spirit   .    B - +0 steam dragon scales
rPois   +          Reflect  .    (no helmet)
rElec   .          Rampage  .    d - +2 cloak
rCorr   .                        (no gloves)
Will    +....                    (no barding)
Stlth   ++++                     (no amulet)
HPRegen 0.33/turn                (no ring)
MPRegen 0.17/turn                (no ring)

@: very slow
A: AC +3, large, see invisible, deformed body, poison resistance, slowness 2,
spit poison 1, naga tail 1
a: Spit Poison, Renounce Religion


You were on level 6 of the Dungeon.
You worshipped Kikubaaqudgha.
Kikubaaqudgha was noncommittal.
You visited 1 branch of the dungeon, and saw 7 of its levels.

You collected 345 gold pieces.
You spent 170 gold pieces at shops.

Inventory:

Hand Weapons
 a - a +4 dagger of venom (weapon)
 b - a +5 dagger
 c - a +4 quarterstaff of chaos
 f - a +0 rapier
 w - a +2 flail of draining
 z - a +1 broad axe of flaming
Missiles
 l - a curare-tipped dart
 o - 8 boomerangs
 u - 16 poisoned darts
 v - 2 throwing nets
Armour
 d - a +2 cloak (worn)
 A - a +0 buckler
 B - +0 steam dragon scales (worn)
Wands
 p - a wand of flame (30)
Scrolls
 k - a scroll of enchant weapon
 y - 2 scrolls of teleportation
Potions
 e - a potion of cancellation
 g - 4 potions of heal wounds
 h - 2 potions of might
 i - a potion of magic
 j - 3 potions of haste {unknown}
 m - a potion of degeneration {unknown}
 n - a potion of brilliance {unknown}
 q - a potion of mutation {unknown}
 r - a potion of resistance {unknown}
 s - 2 potions of attraction {unknown}
 t - a potion of flight {unknown}
 x - 2 potions of curing {unknown}


   Skills:
 - Level 5.7 Fighting
 - Level 5.0 Dodging
 - Level 9.6 Stealth
 + Level 7.4 Spellcasting
 - Level 4.0 Conjurations
 - Level 1.0 Transmutations
 - Level 4.0 Air Magic
 - Level 10.0 Poison Magic


You had 12 spell levels left.
You knew the following spells:

 Your Spells              Type           Power      Damage    Failure   Level
a - Sting                 Tmut/Pois      100%       1d8       1%          1
b - Poisonous Vapours     Pois/Air       60%        N/A       1%          2
c - Mephitic Cloud        Conj/Pois/Air  26%        N/A       2%          3
d - Olgreb's Toxic Radia  Pois           40%        N/A       1%          4

Your spell library contained the following spells:

 Spells                   Type           Power      Damage    Failure   Level
 Swiftness                Air            19%        N/A       6%          3
 Passwall                 Tmut/Erth      6%         N/A       14%         2
 Blink                    Tloc           12%        N/A       17%         2
 Ensorcelled Hibernation  Hex/Ice        12%        N/A       17%         2
 Lesser Beckoning         Tloc           12%        N/A       17%         2
 Gell's Gravitas          Tloc           6%         N/A       32%         3
 Inner Flame              Hex/Fire       6%         N/A       32%         3
 Teleport Other           Tloc           6%         N/A       32%         3
 Freezing Cloud           Conj/Ice/Air   7%         6-21      71%         5
 Manifold Assault         Tloc           6%         N/A       73%         4
 Yara's Violent Unravell  Hex/Tmut       4%         3d4       94%         5
 Enfeeble                 Hex            3%         N/A       100%        7
 Storm Form               Tmut/Air       7%         N/A       100%        7


Dungeon Overview and Level Annotations

Branches:
Dungeon (7/15)
 Temple: D:4-7

Altars:
Ashenzari
Cheibriados
Elyvilon
Fedhas
Gozag
Kikubaaqudgha
Makhleb
Nemelex Xobeh
Okawaru
Ru
Wu Jian
Yredelemnul
Zin

Shops:
D:5 (   D:6 [


Innate Abilities, Weirdness & Mutations

Your serpentine skin is tough. (AC +3)
You have supernaturally acute eyesight. (SInv)
Armour fits poorly on your strangely shaped body.
Your system is resistant to poisons. (rPois)
You cover ground very slowly.
You can spit poison.
You have a snake-like lower body.


Message History

Press: ? - help, Q - select action, (/) - cycle Dir - move target, f/p - troll
Aim: a troll (confused, extremely poisoned) Poisonous vapours surround the troll!
The troll looks as sick as possible!
You barely miss the troll. The troll barely misses you. The troll misses you.
The troll claws you.
The troll bites itself.
The troll closely misses itself.
The troll barely misses itself.
You hit the troll.
The troll is lightly wounded.
You barely miss the troll.
The troll is lightly wounded.
You enter the shallow water.
The troll seems less confused.
The troll bites you!
The troll claws you. x2; The troll bites you!
The troll claws you. x2
Aiming: Poisonous Vapours (safe; 1% risk of failure)
Press: ? - help, Q - select action, (/) - cycle Dir - move target, p - troll
Okay, then.
Aiming: Poisonous Vapours (safe; 1% risk of failure)
Press: ? - help, Q - select action, (/) - cycle Dir - move target, f/p - troll
Aim: a troll (moderately wounded, extremely poisoned) Poisonous vapours surround the troll!
The troll looks as sick as possible!
The troll closely misses you. The troll completely misses you.
The troll barely misses you.
You hit the troll.
The troll is heavily wounded.
The troll bites you! The troll barely misses you. The troll claws you.
You hit the troll but do no damage.
The troll looks as sick as possible!
The troll is heavily wounded.
The troll bites you!
* * * LOW HITPOINT WARNING * * *
The troll claws you but does no damage. The troll claws you.
* * * LOW HITPOINT WARNING * * *
You hit the troll.
The troll looks as sick as possible!
The troll is severely wounded.
The troll bites you!
* * * LOW HITPOINT WARNING * * *
The troll claws you!
* * * LOW HITPOINT WARNING * * *
The troll claws you.
You die...
Kikubaaqudgha rasps: "You have failed me!
Welcome... death!"

..#
#~##≈≈≈##()~/.#
######## ..#
#~#S≈.≈≈#..~~~#
#.... ..#
#~#$.~(?#PP..P#
#.### ..#
#~#~P.P.#.....#
#.# #.#PP.~.#
#.### #)#.....#
# #...# #.#
####..# #####'#
#.## +##~~~..#
#......
##~####@T~#
#......
##~~~..###
#...... #######
#...... #####..
#########...
#...........
#...........
#.........##
#.........#


You could see a troll (extremely poisoned).

Vanquished Creatures
  Eustachio (D:5)
  A steam dragon (D:6)
  Edmund (D:5)
  Duvessa (D:5)
  A water moccasin (D:7)
  4 ogres
  A centaur (D:6)
  2 gnoll sergeants
  2 kobold brigands
  2 scorpions
  Dowan (D:5)
  Crazy Yiuf (D:3)
  3 hounds
  Jessica (D:2)
  Natasha (twice) (D:3)
  2 orc wizards
  8 adders
  8 gnolls
  A river rat (D:4)
  A white imp (D:6)
  7 worms
  A dart slug (D:3)
  10 orcs
  4 ball pythons
  4 bats
  4 endoplasms
  A giant cockroach (D:3)
  9 goblins
  10 hobgoblins
  7 jackals
  3 quokkas
  3 frilled lizards
  8 kobolds
  2 rats (D:1)
117 creatures vanquished.

Vanquished Creatures (others)
  A fungus (D:3)
  A plant (D:5)
  5 toadstools (D:3)
  7 withered plants
14 creatures vanquished.

Grand Total: 131 creatures vanquished

Notes
Turn   | Place    | Note
-------+----------+-------------------------------------------
     0 | D:1      | DeathPants the Naga Venom Mage began the quest for the Orb.
     0 | D:1      | Reached XP level 1. HP: 15/15 MP: 3/3
   236 | D:1      | Reached XP level 2. HP: 22/22 MP: 0/5
   412 | D:1      | Reached skill level 5 in Poison Magic
   568 | D:1      | Found a faded altar of an unknown god.
   805 | D:1      | Reached skill level 7 in Poison Magic
   805 | D:1      | Reached XP level 3. HP: 36/36 MP: 5/8
   809 | D:1      | Learned a level 2 spell: Poisonous Vapours
   813 | D:1      | Learned a level 3 spell: Mephitic Cloud
   922 | D:2      | Noticed Jessica
   928 | D:2      | Reached XP level 4. HP: 41/44 MP: 7/10
   931 | D:2      | Killed Jessica
   932 | D:2      | Reached skill level 1 in Air Magic
  1300 | D:2      | Reached XP level 5. HP: 46/50 MP: 8/11
  1942 | D:3      | Found a broken altar of Ashenzari.
  2354 | D:3      | Found an ornate altar of the Wu Jian Council.
  2375 | D:3      | Noticed Natasha
  2383 | D:3      | Killed Natasha
  2440 | D:3      | Noticed Natasha
  2445 | D:3      | Killed Natasha
  2743 | D:3      | Found a runed translucent door.
  2744 | D:3      | Noticed Crazy Yiuf
  2753 | D:3      | Killed Crazy Yiuf
  2768 | D:3      | Learned a level 4 spell: Olgreb's Toxic Radiance
  2768 | D:3      | Reached skill level 5 in Fighting
  2768 | D:3      | Reached skill level 5 in Dodging
  2768 | D:3      | Reached skill level 5 in Spellcasting
  2768 | D:3      | Reached skill level 9 in Poison Magic
  2768 | D:3      | Reached XP level 6. HP: 22/61 MP: 10/14
  3047 | D:4      | Found a sparkling altar of Nemelex Xobeh.
  3055 | D:4      | Reached XP level 7. HP: 60/67 MP: 10/15
  3249 | D:4      | Found a burning altar of Makhleb.
  3256 | D:4      | Found a glowing silver altar of Zin.
  3256 | D:4      | Noticed a balrug
  3256 | D:4      | Noticed an angel
  3295 | D:5      | Entered Level 5 of the Dungeon
  4239 | D:4      | Found a basalt altar of Yredelemnul.
  4513 | D:5      | Found an ancient bone altar of Kikubaaqudgha.
  4514 | D:5      | Found a blossoming altar of Fedhas.
  4525 | D:5      | Became a worshipper of Kikubaaqudgha
  4561 | D:5      | Reached XP level 8. HP: 74/76 MP: 2/16
  4699 | D:5      | Noticed Edmund
  4717 | D:5      | Killed Edmund
  4806 | D:5      | Found an opulent altar of Gozag.
  4807 | D:5      | Found a sacrificial altar of Ru.
  4810 | D:5      | Found a white marble altar of Elyvilon.
  4860 | D:5      | Found an iron altar of Okawaru.
  4923 | D:5      | Found Yschepa's Hydra Hut.
  4935 | D:5      | Noticed a six-headed hydra
  4939 | D:5      | Bought a +1 broad axe of flaming for 170 gold pieces
  5214 | D:5      | Noticed Eustachio
  5226 | D:5      | Killed Eustachio
  5360 | D:5      | Noticed Duvessa
  5361 | D:5      | Noticed Dowan
  5368 | D:5      | Reached skill level 10 in Poison Magic
  5369 | D:5      | Killed Dowan
  5370 | D:5      | Killed Duvessa
  6272 | D:6      | Reached XP level 9. HP: 62/82 MP: 16/19
  6761 | D:6      | Found Wuuwnok's Antique Armour Shoppe.
  6843 | D:6      | Found a snail-covered altar of Cheibriados.
  6962 | D:6      | Noticed a troll
  6979 | D:6      | HP: 1/82 [troll (8)]
  6979 | D:6      | Slain by a troll

Illustrated notes

Levels and vault maps discovered:
D:1:      lordsloth_arrival_two_stooges, layout_basic,
          chequers_ecumenical_altar_simple
D:2:      layout_loops_ring, uniq_jessica
D:3:      layout_loops_cross, ashenzari_conservatory_becter,
          nzn_wu_jian_council_hall, chequers_serial_rivers_room_a,
          grunt_decor_cap, hangedman_abyss_or_decor_lesser_grid,
          hangedman_decor_peaks_small, minmay_gold_behind_fungi, uniq_natasha,
          uniq_crazy_yiuf_cottage
D:4:      layout_loops_ring, grunt_temple_overflow_order_and_chaos_2,
          yredelemnul_altar_generic, nemelex_dance_club_becter,
          gup_sewer_entry_bubbles
D:5:      layout_loops_ring, grunt_temple_overflow_growth_and_decay,
          nicolae_overflow_quartered_altars, doesnt_shop_hydraphobe,
          uniq_edmund, uniq_duvessa, uniq_eustachio
D:6:      cheibrodos_two_vegetables, layout_basic,
          mainiacjoe_overflow_surrounded_room, mainiacjoe_overflow_tiny_flanked,
          minmay_temple_entry_arrows, serial_shops, nicolae_shop_crystal,
          chequers_avenue, nicolae_elevator_lobby_plus
D:7:      layout_rooms, nzn_hepliaklqana_mist_gate

Skill      XL: |  1  2  3  4  5  6  7  8  9 |
---------------+----------------------------+-----
Poison Magic   | 7 9 10 | 10.0
Fighting       | 3 5 |  5.7
Dodging        | 3 5 |  5.0
Stealth        | 7 9 |  9.6
Spellcasting   | 4 5 6 7 |  7.4
Air Magic      | 1 2 4 |  4.0
Conjurations   | 3 4 |  4.0
Transmutations | |  1.0

Action                     |  1- 3 |  4- 6 |  7- 9 || total
---------------------------+-------+-------+-------++-------
  Melee: Unarmed           |     2 |       |       ||     2
         Rapier            |     9 |       |       ||     9
         Dagger            |    17 |    56 |   109 ||   182
         Punch             |       |       |     1 ||     1
   Cast: Sting             |    26 |    50 |     3 ||    79
         Poisonous Vapours |       |     2 |    83 ||    85
         Mephitic Cloud    |       |       |    14 ||    14
         Olgreb's Toxic Ra |       |       |    22 ||    22
Ability: Spit Poison       |     2 |       |       ||     2
    Use: Potion            |     1 |     1 |     1 ||     3
         Scroll            |       |     9 |     5 ||    14
   Stab: Sleeping          |     1 |     1 |     1 ||     3
         Confused          |       |       |     5 ||     5
 Armour: Robe              |     8 |    14 |    18 ||    40
         Steam dragon scal |       |       |     4 ||     4
  Dodge: Dodged            |    15 |    31 |    64 ||   110

Table legend: (Time is in decaauts)
 A = Elapsed time spent in this place.
 B = Non-inter-level travel time spent in this place.
 C = Inter-level travel time spent in this place.
 D = Time resting spent in this place.
 E = Time spent auto-exploring this place.
 F = Levels seen in this place.
 G = Mean time per level.
                   A        B        C        D        E       F      G
               +--------+--------+--------+--------+--------+-----+--------+
         Total |   8363 |   8174 |    189 |   1470 |   5024 |   7 | 1194.7 |
       Dungeon |   8363 |   8174 |    189 |   1470 |   5024 |   7 | 1194.7 |
               +--------+--------+--------+--------+--------+-----+--------+

Top non-repeatable levels by time:
     D:5: 1884 daAuts
     D:4: 1839 daAuts
     D:3: 1476 daAuts
     D:2: 1190 daAuts
     D:1: 1028 daAuts
     D:6: 790 daAuts
     D:7: 154 daAuts
